 Dungeon Crawl Stone Soup version 0.30.1-4-g462c640d31 (webtiles) character file.

Game seed: 3244026577044688758

81 Peloso the Shield-Bearer (level 4, 0/40 HPs)
             Began as a Hill Orc Fighter on Aug 27, 2023.
             Slain by a gnoll
             ... wielding a +0 club
              (5 damage)
             ... on level 3 of the Dungeon.
             The game lasted 00:05:39 (2087 turns).

Peloso the Shield-Bearer (Hill Orc Fighter)         Turns: 2087, Time: 00:05:41

Health: 0/40       AC:  0    Str: 18    XL:     4   Next: 40%
Magic:  4/4        EV: 11    Int:  8    God:
Gold:   136        SH:  0    Dex: 12    Spells: 3/3 levels left

rFire   . . .        (no weapon)
rCold   . . .        (no shield)
rNeg    . . .        (no body armour)
rPois   .            (no helmet)
rElec   .            (no cloak)
rCorr   .            (no gloves)
SInv    .            (no boots)
Will    .....        (no amulet)
Stlth   +            (no ring)
HPRegen 0.26/turn    (no ring)
MPRegen 0.09/turn

%: no passive effects
@: hasted, very quick
A: no striking features
a: no special abilities


You were on level 3 of the Dungeon.
You visited 1 branch of the dungeon, and saw 3 of its levels.

You collected 136 gold pieces.

Inventory:

Hand Weapons
 a - the +5 hand axe of the Warrior {drain, rPois}
   (You found it on level 3 of the Dungeon)

   rPois:     It protects you from poison.
 b - a +0 long sword
Armour
 c - a +0 scale mail
 d - a +0 buckler
 p - a +0 pair of gloves
Wands
 l - a wand of flame (13)
Scrolls
 e - a scroll of fog {unknown}
 f - a scroll of teleportation
 g - a scroll of noise {unknown}
 h - a scroll of enchant weapon {unknown}
 j - a scroll of fear {unknown}
 k - 3 scrolls of vulnerability {unknown}
 m - a scroll of torment {unknown}
 o - a scroll of poison {unknown}
Potions
 i - a potion of might


   Skills:
 + Level 4.0 Fighting
 + Level 3.4 Long Blades
 + Level 3.8 Armour
 + Level 0.4 Dodging
 + Level 4.0 Shields


You had 3 spell levels left.
You didn't know any spells.
Your spell library contained the following spells:

 Spells                   Type           Power      Damage    Failure   Level
 Cause Fear               Hex            0%         N/A       99%         4
 Dragon Form              Tmut           0%         N/A       100%        7
 Dragon's Call            Summ           0%         N/A       100%        9


Dungeon Overview and Level Annotations

Branches:
Dungeon (3/15)

Altars:
Xom


Message History

You finish taking off your +0 pair of gloves.
You drop a +0 pair of gloves.
You start removing your armour.
You continue taking off your +0 buckler. x4
You finish taking off your +0 buckler.
You drop a +0 buckler.
You see here a +0 pair of gloves.
You see here a +0 long sword.
You see here the +5 hand axe of the Warrior {drain, rPois}.
a - the +5 hand axe of the Warrior {drain, rPois} You see here a +0 long sword.
b - a +0 long sword You see here a +0 scale mail.
c - a +0 scale mail You see here a +0 pair of gloves.
d - a +0 pair of gloves You drop a +0 pair of gloves.
You see here a +0 buckler.
d - a +0 buckler You see here a +0 pair of gloves.
p - a +0 pair of gloves A gnoll comes into view.
It is wielding a +0 spear.
The gnoll shouts!
You hear a shout!
A gnoll comes into view. It is wielding a +0 club.
A gnoll comes into view. It is wielding a +0 flail.
The gnoll shouts! x2
The gnoll hits you from afar with a +0 spear!
The gnoll misses you. The gnoll attacks as you move away!
The gnoll closely misses you.
The gnoll hits you from afar with a +0 spear.
The gnoll attacks as you move away! The gnoll hits you with a +0 club!
The gnoll attacks as you move away! The gnoll completely misses you.
The gnoll attacks as you move away! The gnoll hits you with a +0 club!
The gnoll attacks as you move away! The gnoll barely misses you.
The gnoll attacks as you move away! The gnoll misses you.
The gnoll attacks as you move away! The gnoll hits you with a +0 club.
* * * LOW HITPOINT WARNING * * *
The gnoll attacks as you move away! The gnoll hits you with a +0 club.
* * * LOW HITPOINT WARNING * * *
You feel yourself speed up. The gnoll hits you with a +0 club.
You die...

#####. .....#............. .....
##.#........).....## ....
.................... .
.#########.#.##########
#.#.......<#g#.# .......
#.#.#.#.######.#.#.# #######
...............#.#.#
#.#.###.########.#.#
#.#.#.......@ggg.#.#.
#.#.#.#.##########.#.########
..#.#.#..........#...........
..#.#............#...#####...
#####.#.###.....####.#...........
#.....#.#.#.###.#######...#.#....
#.....#.#.#.# #......##........>.
#.....#...#.# ###########.#.#....
......###.#.###...........#.##...


You could see 3 gnolls.

Vanquished Creatures
  4 adders
  2 dart slugs
  5 ball pythons
  5 endoplasms
  2 giant cockroaches
  3 goblins (D:1)
  2 hobgoblins
  4 jackals (D:2)
  2 quokkas
  A bat (D:1)
  4 frilled lizards
  3 kobolds
  3 rats
40 creatures vanquished.

Notes
Turn   | Place    | Note
-------+----------+-------------------------------------------
     0 | D:1      | Peloso the Hill Orc Fighter began the quest for the Orb.
     0 | D:1      | Reached XP level 1. HP: 19/19 MP: 1/1
   108 | D:1      | Reached XP level 2. HP: 26/27 MP: 2/2
   862 | D:2      | Found a shimmering altar of Xom.
   951 | D:2      | Reached XP level 3. HP: 33/33 MP: 3/3
  1427 | D:2      | Reached XP level 4. HP: 23/40 MP: 4/4
  1824 | D:3      | Found a faded altar of an unknown god.
  2016 | D:3      | Identified the +5 hand axe of the Warrior {drain, rPois}
  2087 | D:3      | Slain by a gnoll

Illustrated notes

Levels and vault maps discovered:
D:1:      evilmike_arrival_rings, layout_basic
D:2:      layout_loops_ring, basic_altar
D:3:      layout_basic, basic_ecumenical_altar, cheibrodos_gnoll_hut

Skill      XL: |  1  2  3  4 |
---------------+-------------+-----
Long Blades    | 3 |  3.4
Shields        | 4 |  4.0
Fighting       | 4 |  4.0
Armour         | |  3.8
Dodging        | |  0.4

Action                     |  1- 3 |  4- 6 || total
---------------------------+-------+-------++-------
  Melee: Long sword        |   128 |    22 ||   150
    Use: Potion            |     3 |     1 ||     4
         Scroll            |     2 |     2 ||     4
 Armour: Scale mail        |    63 |    17 ||    80
  Dodge: Dodged            |    63 |    20 ||    83
  Block: Buckler           |    32 |     6 ||    38
